AoeStats
← Ricardo Iorio

Arena

509521057Analyzed
1v1 RM · 6d ago on Sep 27, 2026· 34m 52s· 2 players
Game mode
Random Map
Map size
Tiny (2 player)
Population
200
Speed
Normal
Resources
Standard
Victory
Conquest
Starting age
Dark Age
Ending age
Imperial Age
RankedLock teamsTeams togetherTeam positionsShared explorationLock speedFull tech treeHidden civsTurbo modeCheats
Victory
Defeat
🇨🇳 Saxons · China
799
+16
🇦🇷 Britons · Argentina
798
-16
Ricardo Iorio
5:17 Loom
11:36 Feudal Age
12:33 Double-Bit Axe
12:35 Horse Collar
19:05 Castle Age
17:31 Gold Mining
17:31 Stone Mining
17:51 Fletching
19:24 Padded Archer Armor
20:22 Leather Archer Armor
21:24 Bodkin Arrow
27:09 Ballistics
27:18 Murder Holes
32:56 Imperial Age
A02
9:41 Loom
11:27 Feudal Age
14:34 Double-Bit Axe
17:20 Castle Age
15:12 Horse Collar
15:52 Gold Mining
19:09 Scale Mail Armor
19:20 Forging
20:35 Squires
20:22 Gambesons
20:37 Arson
22:56 Fletching
27:23 Chain Mail Armor
27:40 Bodkin Arrow
28:45 Heavy Plow
29:25 Wheelbarrow
29:36 Stone Mining
31:24 Herbal Medicine
32:23 Chain Mail Armor
34:17 Gold Shaft Mining
Connection lost

Rejoining the realm…

Still unreachable

The connection could not be restored.

Session expired

The server has moved on; the page needs a fresh start.